Map: Prion Terraces

Players

Miszu

  • Race: Terran Terran
  • League: Grandmaster

CripSeil - Winner!

  • Race: Terran Terran
  • League: Grandmaster

VOD

Have the link to the VOD?

Description

Time

  • Played on: Feb. 7, 2016, 4:42 p.m.
  • Length: 2:39
Show
View Real Time Build Order
Export as new Build Order

Miszu Terran 

Build Orders:  

Get SALT Encoding   

  12  0:00  SCV  
  13  0:13  SCV  
  14  0:17  Supply Depot  
  14  0:25  SCV  
  15  0:39  SCV  
  15  0:41  Barracks  
  16  0:44  Refinery  
  16  0:51  SCV  
  17  1:03  SCV  
  18  1:16  SCV  
  19  1:28  Orbital Command  
  19  1:31  Barracks Reactor  
  19  1:42  Supply Depot  
  19  1:48  Command Center  
  19  1:54  SCV  
  19  1:55  Supply Depot  
  20  2:06  Factory  
  20  2:09  Marine  
  20  2:10  Marine  
  21  2:16  SCV  
Show
View Real Time Build Order
Export as new Build Order

CripSeil Terran - Winner!

Build Orders:  

Get SALT Encoding   

  12  0:01  SCV  
  13  0:14  Supply Depot  
  13  0:35  Refinery  
  13  0:36  Barracks  
  13  0:53  Barracks  
  13  1:09  SCV  
  14  1:23  Barracks  
  14  1:25  Reaper  
  15  1:41  Reaper  
  15  1:44  Orbital Command  
  16  1:53  Refinery  
  16  2:00  Reaper  
  18  2:24  SCV  
Tags
 
Add a new tag
Caveats
  • Supply blocks, unpowered buildings, or Contaminate may cause inaccurate times.
  • Supply counts are checked every 10 seconds.